cohdb
Replays
Latest Replays
All Replays
Popular Replays
Top Player Replays
Match Explorer
How It Works
Community
CoH3 Stats
Reddit
Sign in to upload your games and track your stats! →
Sign in with Steam
Match 42908073
Unlisted
Match 42908073
Overview
Messages
Build Orders
End
Selects Panzerjäger Kommand Battlegroup
Panzergrenadier Squad
Panzergrenadier Squad
Construct Light Support Kompanie
Selects Blockade Equipment
MG34 Team
2.5-tonne Medical Truck
Fire Support Elements
2.5-tonne Medical Truck
Pak 38 Mechanized Group
Selects Defensive Positions
Panzergrenadier Squad
Forward Retreat Point
Construct Panzerarmee Kommand
Selects Butterfly Bomb Drop
Selects Tank Busters
Flak 36 Anti-tank Gun Team
Forward Retreat Point
Selects Crew Shock Tactics
Armored Reserves
Flak 36 Anti-tank Gun Team
kerem
Alex
ShadowStorm
Synthoras
Desertfox
Googlexuan
Skuldar02
一杆大肉烟
0
0
Comments
sign in to comment!
No comments posted yet!